 Dungeon Crawl Stone Soup version 0.28-a0-94-g325244837d (webtiles) character file.

Game seed: 13640793921334591183

59 Sweetruy1997 the Skirmisher (level 3, 0/27 (29) HPs)
             Began as a Demonspawn Chaos Knight on Aug 7, 2021.
             Was a Plaything of Xom.
             Killed by nerve-wracking pain
             ... invoked by Jessica
              (7 damage)
             ... on level 2 of the Dungeon.
             The game lasted 00:03:29 (1070 turns).

Sweetruy1997 the Skirmisher (DsCK)                  Turns: 1070, Time: 00:03:31

HP:   0/27 (29)     AC:  7    Str: 14    XL:     3   Next: 78%
MP:   1/3           EV: 11    Int: 14    God:    Xom [.....*]
Gold: 36            SH:  0    Dex: 12    Spells: 0/2 levels left

rFire   . . .      SeeInvis .   a - +0 hand axe (chaos)
rCold   . . .      Faith    .   (no shield)
rNeg    . . .      Spirit   .   b - +2 leather armour
rPois   .          Reflect  .   (no helmet)
rElec   .          Harm     .   (no cloak)
rCorr   .          Rampage  .   (no gloves)
Will    .....      Clarity  +   (no boots)
Stlth   +.........              (no amulet)
HPRegen 0.09/turn               (no ring)
MPRegen 0.08/turn               (no ring)

@: studying Shields, drained
A: demonic guardian 1, clarity, shaggy fur 2, strong 1, wild magic 1, sturdy
frame 1
a: Renounce Religion


You were on level 2 of the Dungeon.
You worshipped Xom.
You were Xom's teddy bear.
You visited 1 branch of the dungeon, and saw 2 of its levels.

You collected 36 gold pieces.

Inventory:

Hand Weapons
 a - a +0 hand axe of chaos (weapon)
Armour
 b - a +2 leather armour (worn)
Potions
 c - a potion of attraction {unknown}
Miscellaneous
 d - a phial of floods (inert)


   Skills:
 + Level 3.5 Fighting
 + Level 3.5 Axes
 + Level 2.2 Armour
 + Level 1.0 Dodging
 + Level 0.1 Spellcasting
 + Level 0.1 Conjurations


You couldn't memorise any spells.
You knew the following spells:

 Your Spells              Type           Power      Damage    Failure   Level
a - Magic Dart            Conj           0%         1d3       36%         1
b - Apportation           Tloc           0%         N/A       38%         1

Your spell library contained the following spells:

 Spells                   Type           Power      Damage    Failure   Level
 Call Imp                 Summ           0%         N/A       50%         2
 Mephitic Cloud           Conj/Pois/Air  0%         N/A       73%         3
 Alistair's Intoxication  Tmut/Pois      0%         N/A       100%        5
 Invisibility             Hex            0%         N/A       100%        6


Dungeon Overview and Level Annotations

Branches:
Dungeon (2/15)

Altars:
Xom

Annotations:
D:2 Jessica


Innate Abilities, Weirdness & Mutations

A weak demonic guardian rushes to your aid.
You possess an exceptional clarity of mind.
You are covered in thick fur. (AC +2)
Your muscles are strong. (Str +2)
Your spells are a little harder to cast, but a little more powerful.
Your movements are slightly less encumbered by armour. (ER -2)


Message History

You hit the adder.
The adder is severely wounded.
The adder bites you but does no damage.
You barely miss the adder.
The adder is severely wounded.
The adder bites you but does no damage.
A hobgoblin comes into view.
The adder bites you but does no damage.
You closely miss the adder.
The adder is severely wounded.
The adder barely misses you.
A gnoll comes into view. It is wielding a +0 spear.
Jessica gestures wildly while chanting.
Jessica blinks!
You closely miss the gnoll. You closely miss the adder. The adder bites you.
You are poisoned.
The adder poisons you! The adder bites you.
The gnoll hits you but does no damage.
You feel drained.
The hobgoblin shouts!
The gnoll shouts!
You hit the gnoll.
The gnoll is moderately wounded.
You hit the adder but do no damage.
You feel sick. "This might be better!"
The adder reforms as a silver javelin.
The gnoll barely misses you.
You hit the gnoll. You freeze the gnoll.
The gnoll is severely wounded.
You closely miss Jessica.
You feel sick. Jessica casts a spell at you. Pain shoots through your body!
Jessica hits you with a +0 dagger.
The gnoll hits you with a +1 whip of draining.
You feel drained.
You feel sick.
You are no longer poisoned.
Jessica hits you with a +0 dagger.
* * * LOW HITPOINT WARNING * * *
You hit Jessica. You freeze Jessica.
Jessica is almost dead.
Jessica casts a spell at you. Pain shoots through your body!
You die...

##.##. #.#######
##...#. #.#
#......####.####
...............#
............##.#
.......#######.#
#.....(## #.#
#.....g#### #.#
.......g@@.# #.#
#####...##.###.#####.#
##...>...........#
#################


You could see a gnoll, Jessica (fast) and a hobgoblin.

Vanquished Creatures
  A gnoll (D:1)
  An adder (D:2)
  5 ball pythons
  3 bats (D:1)
  3 endoplasms (D:1)
  3 giant cockroaches
  3 hobgoblins (D:1)
  A jackal (D:1)
  8 frilled lizards (D:1)
  2 goblins (D:2)
  6 kobolds
  A rat (D:1)
37 creatures vanquished.

Vanquished Creatures (collateral kills)
  2 jackals (D:1)
  A kobold (D:1)
3 creatures vanquished.

Grand Total: 40 creatures vanquished

Notes
Turn   | Place    | Note
-------+----------+-------------------------------------------
     0 | D:1      | Sweetruy1997 the Demonspawn Chaos Knight began the quest
                  | for the Orb.
     0 | D:1      | Reached XP level 1. HP: 18/18 MP: 1/1
    21 | D:1      | XOM: potion effect (curing)
    22 | D:1      | XOM: potion effect (might)
    24 | D:1      | Gained mutation: A weak demonic guardian rushes to your
                  | aid. [demonic ancestry]
    24 | D:1      | Reached XP level 2. HP: 20/24 MP: 2/2
    95 | D:1      | XOM: silly message
   312 | D:1      | XOM: scenery: create altars
   315 | D:1      | XOM: give mutations
   315 | D:1      | Gained mutation: Your muscles are strong. (Str +2) [Xom's
                  | grace]
   315 | D:1      | Gained mutation: You are covered in fur. (AC +1) [Xom's
                  | grace]
   315 | D:1      | Gained mutation: Your movements are slightly less
                  | encumbered by armour. (ER -2) [Xom's grace]
   378 | D:1      | Learned a level 1 spell: Magic Dart
   456 | D:1      | Reached XP level 3. HP: 17/29 MP: 3/3
   616 | D:1      | Learned a level 1 spell: Apportation
   765 | D:1      | Found a faded altar of an unknown god.
   820 | D:1      | XOM: give mutations
   820 | D:1      | Gained mutation: You possess an exceptional clarity of
                  | mind. [Xom's grace]
   820 | D:1      | Gained mutation: Your spells are a little harder to cast,
                  | but a little more powerful. [Xom's grace]
   820 | D:1      | Gained mutation: You are covered in thick fur. (AC +2)
                  | [Xom's grace]
   830 | D:1      | Reached skill level 1 in Dodging
   834 | D:1      | XOM: god gift: phial of floods
  1044 | D:2      | Noticed Jessica
  1066 | D:2      | XOM: snakes to sticks
  1070 | D:2      | Killed from afar by Jessica

Illustrated notes

Levels and vault maps discovered:
D:1:      amcnicky_arrival_gap_in_the_tavern_cellar, layout_basic,
          basic_ecumenical_altar, minmay_lizard_pond
D:2:      layout_loops_ring, minmay_tetromino_i2, uniq_jessica

Skill      XL: |  1  2  3 |
---------------+----------+-----
Armour         | 2 |  2.2
Axes           | 3 |  3.5
Dodging        | 1 |  1.0
Fighting       | |  3.5
Spellcasting   | |  0.1
Conjurations   | |  0.1

Action                   || total
-------------------------++-------
Melee: Hand axe          ||    93
 Cast: Magic Dart        ||    13
Evoke: Phial of floods   ||     1
 Stab: Paralysed         ||     1
Armor: Leather armour    ||    48
Dodge: Dodged            ||    68

Table legend: (Time is in decaauts)
 A = Elapsed time spent in this place.
 B = Non-inter-level travel time spent in this place.
 C = Inter-level travel time spent in this place.
 D = Time resting spent in this place.
 E = Time spent auto-exploring this place.
 F = Levels seen in this place.
 G = Mean time per level.
                   A        B        C        D        E       F      G
               +--------+--------+--------+--------+--------+-----+--------+
         Total |   1083 |   1073 |     10 |    176 |    681 |   2 |  541.5 |
       Dungeon |   1083 |   1073 |     10 |    176 |    681 |   2 |  541.5 |
               +--------+--------+--------+--------+--------+-----+--------+

Top non-repeatable levels by time:
     D:1: 998 daAuts
     D:2: 84 daAuts
